Map: Oxide LE

Players

Gerald

  • Race: Protoss Protoss

HeroMarine - Winner!

  • Race: Terran Terran

Event: DreamHack SC2 Masters 2021 Winter

VOD

Have the link to the VOD?

Description

Time

  • Played on: Oct. 1, 2021, 2:57 p.m.
  • Length: 17:21

All games in this series

Show
View Real Time Build Order
Export as new Build Order

Gerald Protoss 

Build Orders: 1 Gate Expand 

Get SALT Encoding   

  12  0:00  Probe  
  13  0:12  Probe  
  14  0:18  Pylon  
  14  0:24  Probe (Chrono Boost)  
  15  0:36  Probe (Chrono Boost)  
  15  0:38  Gateway  
  16  0:45  Probe (Chrono Boost)  
  16  0:46  Assimilator  
  17  0:50  Probe  
  18  1:03  Probe  
  19  1:15  Probe  
  20  1:22  Nexus  
  20  1:27  Probe  
  21  1:36  Cybernetics Core  
  22  1:40  Probe  
  22  1:45  Assimilator  
  22  1:52  Probe  
  23  1:54  Pylon  
  23  2:09  Probe  
  23  2:12  Warp Gate, Sentry (Chrono Boost)  
  26  2:17  Probe  
  27  2:24  Gateway  
  27  2:28  Probe (Chrono Boost)  
  28  2:31  Stalker  
  28  2:35  Probe (Chrono Boost)  
  31  2:43  Robotics Facility  
  32  2:44  Probe (Chrono Boost)  
  32  2:45  Probe (Chrono Boost)  
  32  2:51  Probe  
  34  2:55  Probe  
  35  3:05  Probe (Chrono Boost)  
  36  3:07  Twilight Council, Probe (Chrono Boost)  
  37  3:19  Probe (Chrono Boost)  
  39  3:20  Probe (Chrono Boost)  
  39  3:22  Pylon  
  39  3:24  Probe (Chrono Boost)  
  39  3:26  Assimilator  
  40  3:27  Probe  
  40  3:32  Observer (Chrono Boost)  
  42  3:34  Probe  
  42  3:39  Probe  
  44  3:46  Nexus, Probe  
  45  3:50  Observer (Chrono Boost), Pylon  
  45  3:51  Probe  
  47  3:56  Assimilator  
  47  3:58  Probe  
  47  4:00  Forge  
  48  4:03  Stalker, Probe  
  48  4:05  Observer  
  52  4:10  Stalker  
  52  4:11  Probe  
  52  4:16  Probe  
  56  4:18  Blink (Chrono Boost)  
  56  4:23  Probe  
  57  4:30  Probe  
  58  4:31  Pylon  
  58  4:35  Probe  
  58  4:36  Robotics Bay  
  59  4:42  Stalker, Probe  
  62  4:46  Protoss Ground Weapons Level 1  
  62  4:49  Probe  
  63  4:53  Pylon  
  63  4:54  Probe  
  63  4:58  Gateway  
  63  4:59  Gateway, Probe  
  66  5:07  Stalker  
  66  5:08  Stalker  
  66  5:11  Shield Battery  
  69  5:15  Probe x3, Shield Battery  
  72  5:27  Probe x3  
  73  5:35  Stalker x2  
  73  5:36  Disruptor (Chrono Boost)  
  73  5:39  Probe x2  
  75  5:47  Probe  
  76  5:51  Probe  
  76  5:53  Probe  
  76  5:55  Stalker  
  76  5:56  Zealot  
  79  6:04  Disruptor  
  82  6:13  Stalker  
  84  6:20  Probe x2 (Chrono Boost)  
  84  6:21  Probe (Chrono Boost)  
  84  6:22  Zealot x3  
  91  6:31  Probe (Chrono Boost)  
  93  6:36  Probe (Chrono Boost)  
  93  6:38  Pylon  
  93  6:41  Probe (Chrono Boost)  
  93  6:53  Colossus (Chrono Boost)  
  93  6:56  Probe x2  
  93  7:01  Charge (Chrono Boost)  
  101  7:02  Photon Cannon  
  101  7:03  Photon Cannon  
  101  7:06  Gateway x2  
  101  7:09  Gateway  
  101  7:11  Pylon x2  
  101  7:16  Assimilator, Protoss Ground Weapons Level 2 (Chrono Boost)  
  101  7:20  Assimilator  
  101  7:23  Pylon  
  101  7:24  Gateway, Pylon  
  101  7:29  Zealot x3, Probe x3  
  110  7:41  Probe x3  
  104  7:53  Probe  
  102  8:02  Zealot x6  
  102  8:04  Probe  
  110  8:07  Colossus (Chrono Boost)  
  105  8:20  Pylon  
  105  8:22  Pylon  
  105  8:26  Pylon  
  105  8:29  Pylon  
  105  8:44  Zealot x7  
  105  8:46  Colossus  
  99  8:59  Zealot  
  89  9:08  Observer  
  89  9:09  Zealot x7  
  85  9:23  Probe  
  86  9:24  Probe  
  86  9:30  Probe  
  88  9:35  Probe  
  88  9:37  Colossus (Chrono Boost)  
  88  9:38  Templar Archives  
  89  9:42  Stalker x2  
  89  9:43  Stalker x5  
  109  9:49  Zealot  
  103  10:04  Zealot  
  103  10:05  Zealot  
  103  10:06  Protoss Ground Weapons Level 3  
  101  10:13  Zealot x6  
  113  10:18  Probe  
  113  10:20  Probe  
  112  10:21  Probe  
  112  10:24  Photon Cannon, Pylon, Shield Battery  
  113  10:29  Cybernetics Core, Colossus (Chrono Boost)  
  117  10:42  Photon Cannon  
  115  10:43  Observer  
  109  10:50  Observer, Probe  
  109  10:51  Zealot x5  
  109  10:52  Probe  
  119  11:00  Probe  
  119  11:02  Probe  
  119  11:12  Stalker x2  
  119  11:13  Stalker  
  119  11:15  Pylon  
  119  11:16  Pylon  
  125  11:19  Pylon  
  125  11:20  Pylon  
  125  11:21  Pylon  
  125  11:23  Pylon  
  125  11:37  High Templar x7  
  139  11:43  Observer, Archon  
  139  11:44  Archon x2  
  139  11:47  Probe  
  139  11:49  Pylon  
  139  11:53  Pylon  
  139  12:00  Probe  
  139  12:01  Pylon  
  139  12:06  Photon Cannon  
  139  12:07  Warp Prism (Chrono Boost)  
  141  12:08  Nexus  
  141  12:11  High Templar x3  
  141  12:12  High Templar  
  141  12:13  High Templar x3  
  155  12:17  Observer, Archon x3  
  155  12:18  Archon  
  155  12:21  Probe  
  156  12:28  Pylon  
  156  12:31  Disruptor (Chrono Boost)  
  156  12:36  Robotics Facility  
  159  12:52  Protoss Ground Armor Level 1 (Chrono Boost), Zealot x2  
  159  12:53  Zealot x5  
  159  12:54  Probe  
  174  12:59  Disruptor (Chrono Boost)  
  177  13:11  Probe x2  
  179  13:15  Shield Battery  
  179  13:17  Shield Battery  
  179  13:18  Pylon  
  179  13:22  Disruptor (Chrono Boost)  
  179  13:24  Zealot x4  
  188  13:31  Disruptor (Chrono Boost)  
  187  13:46  Zealot x3  
  187  13:47  Zealot x2  
  186  13:54  Zealot  
  186  13:55  Disruptor (Chrono Boost)  
  186  14:02  Disruptor (Chrono Boost)  
  128  14:12  Observer  
  116  14:19  Disruptor (Chrono Boost)  
  116  14:22  High Templar x3  
  116  14:23  High Templar x3  
  131  14:24  Stalker  
  131  14:30  Archon x3  
  133  14:39  Nexus  
  133  14:42  Pylon  
  129  15:03  Disruptor  
  128  15:09  Stalker x7  
  142  15:20  Disruptor  
  140  15:28  Probe  
  140  15:29  Probe x2  
  143  15:37  Stalker, High Templar  
  143  15:38  High Templar  
  143  15:39  Stalker  
  143  15:41  Probe  
  148  15:46  Archon  
  148  15:51  Zealot x3  
  154  16:00  Probe  
  154  16:01  Zealot  
  157  16:05  Probe  
  156  16:13  Disruptor  
  156  16:15  Stalker x3  
  118  16:43  Disruptor (Chrono Boost)  
  83  16:47  Disruptor (Chrono Boost)  
  83  16:52  Stalker x3  
  83  16:53  Stalker x2  
  90  16:55  Probe  
  90  16:56  Probe  
  90  16:57  Probe  
  93  17:03  Zealot x2  
Show
View Real Time Build Order
Export as new Build Order

HeroMarine Terran - Winner!

Build Orders:  

Get SALT Encoding   

  12  0:00  SCV  
  13  0:12  SCV  
  14  0:17  Supply Depot  
  14  0:24  SCV  
  15  0:39  SCV  
  15  0:40  Barracks  
  16  0:43  Refinery  
  16  0:51  SCV  
  17  1:03  SCV  
  18  1:15  SCV  
  19  1:28  Marine, Orbital Command  
  20  1:39  Command Center  
  20  1:47  Barracks Reactor  
  20  1:51  Supply Depot  
  20  1:54  SCV  
  21  2:06  SCV  
  21  2:07  Factory  
  22  2:18  SCV  
  22  2:20  Refinery  
  23  2:23  Marine x2  
  25  2:30  SCV  
  26  2:41  Marine x2  
  26  2:42  SCV  
  29  2:51  Starport, Widow Mine  
  31  2:52  Orbital Command  
  31  2:54  SCV  
  32  2:59  Marine x2  
  34  3:06  SCV  
  34  3:12  Supply Depot, Widow Mine  
  37  3:17  SCV  
  37  3:18  SCV  
  37  3:19  Marine x2  
  41  3:29  SCV  
  41  3:30  Medivac, SCV  
  41  3:34  Factory Tech Lab  
  45  3:37  Marine x2  
  45  3:39  Supply Depot  
  47  3:41  SCV  
  47  3:43  SCV  
  49  3:52  Siege Tank  
  49  3:53  SCV  
  49  3:54  Supply Depot  
  49  3:55  SCV  
  54  4:00  Marine x2  
  56  4:05  Liberator  
  56  4:06  SCV  
  56  4:07  SCV  
  61  4:11  Supply Depot  
  61  4:18  SCV, Marine x2  
  61  4:19  SCV  
  61  4:20  Barracks  
  65  4:28  Siege Tank  
  65  4:30  SCV  
  70  4:31  SCV  
  70  4:36  Marine x2  
  70  4:38  Supply Depot  
  72  4:42  SCV  
  72  4:43  Barracks  
  73  4:45  Refinery  
  73  4:48  Engineering Bay, Starport Tech Lab  
  74  4:52  SCV  
  74  4:53  Marine x2  
  74  4:54  SCV  
  77  5:02  Siege Tank  
  77  5:05  SCV  
  77  5:06  Supply Depot, SCV  
  82  5:13  Refinery  
  82  5:14  Terran Infantry Weapons Level 1, Marine x3  
  82  5:18  SCV  
  82  5:21  SCV  
  86  5:30  Stimpack  
  86  5:31  SCV, Bunker  
  86  5:33  SCV  
  85  5:38  Starport Reactor  
  85  5:39  Marine x2  
  85  5:41  Marine  
  88  5:45  Marine  
  88  5:49  Factory Reactor  
  88  5:51  Combat Shield  
  88  5:55  Bunker  
  88  5:56  Marine  
  87  5:57  Supply Depot  
  87  6:00  Barracks  
  87  6:02  Barracks  
  87  6:04  Marine x2  
  87  6:06  Bunker  
  87  6:09  SCV x2  
  86  6:12  Marine  
  86  6:14  Marine  
  80  6:19  Medivac  
  80  6:21  SCV x2, Medivac  
  80  6:22  Marine x2  
  80  6:28  Widow Mine  
  80  6:30  Marine  
  80  6:31  Widow Mine  
  80  6:32  Marine  
  82  6:41  Marauder  
  82  6:44  Marine  
  81  6:48  Marauder, Barracks Reactor, Barracks Tech Lab  
  81  6:50  Marine  
  84  6:59  Command Center  
  84  7:01  Widow Mine x2, Medivac x2  
  92  7:02  Marauder  
  92  7:06  Supply Depot  
  94  7:09  Marauder, Concussive Shells  
  94  7:10  Marauder, Marine x2  
  100  7:18  Supply Depot  
  100  7:19  Supply Depot, Terran Infantry Armor Level 1  
  100  7:23  Marauder  
  100  7:28  Widow Mine x2, Marine x2  
  108  7:30  Marauder  
  110  7:39  Marine x2  
  110  7:40  Marauder  
  112  7:45  Marauder  
  112  7:48  Marine x2  
  116  7:51  Marauder  
  116  7:52  Widow Mine x2, Medivac x2  
  116  7:57  Marine  
  124  8:01  Marauder, Marine  
  119  8:05  Marine  
  119  8:06  Marauder  
  119  8:11  Marine  
  120  8:13  Marauder  
  120  8:14  Widow Mine x2  
  120  8:15  Marine  
  120  8:19  SCV x2  
  126  8:23  Marauder  
  128  8:27  Marauder  
  128  8:31  SCV x2  
  132  8:34  Marauder  
  132  8:35  Widow Mine  
  132  8:36  Marine  
  132  8:37  Marine  
  132  8:40  Widow Mine  
  132  8:41  Marine  
  140  8:42  Armory  
  140  8:44  Marauder, SCV  
  140  8:45  SCV  
  140  8:47  Marine  
  129  8:49  Marauder  
  129  8:54  Marine x2  
  126  8:56  Marauder, Widow Mine  
  126  8:59  Medivac  
  126  9:01  Widow Mine  
  131  9:06  Marauder  
  131  9:08  Marine  
  131  9:09  Marine  
  122  9:10  Marauder  
  122  9:13  Orbital Command  
  119  9:17  Marauder, SCV x2  
  119  9:18  Widow Mine  
  119  9:19  Marine  
  119  9:22  Medivac  
  119  9:23  Widow Mine  
  126  9:26  Supply Depot  
  126  9:27  Marauder  
  126  9:29  Medivac  
  128  9:32  Marauder, Marine x2  
  128  9:33  Terran Infantry Weapons Level 2, Refinery  
  128  9:34  Marine  
  135  9:38  Marauder  
  135  9:39  Widow Mine  
  135  9:44  Widow Mine  
  139  9:48  Marauder  
  139  9:49  Marine  
  139  9:50  Marine x2  
  136  9:53  Marauder  
  130  10:00  Marauder  
  130  10:01  Widow Mine  
  130  10:05  Widow Mine  
  131  10:08  Marine x2  
  131  10:09  Medivac  
  131  10:10  Marauder  
  131  10:11  Marine x2  
  136  10:14  Refinery, Marine  
  139  10:21  Marauder  
  139  10:22  Widow Mine, Medivac  
  139  10:27  Widow Mine  
  145  10:30  Starport  
  145  10:31  SCV x2  
  145  10:34  Marine  
  149  10:38  Command Center  
  149  10:42  Marauder  
  149  10:44  Marauder  
  149  10:45  Marauder  
  149  10:47  Marine  
  149  10:48  Marine  
  149  10:59  Supply Depot x2  
  149  11:01  Viking x2  
  147  11:07  Terran Ship Weapons Level 1  
  147  11:09  Marauder x3, Marine x4  
  157  11:12  Supply Depot, Viking  
  157  11:16  Viking  
  155  11:27  Ghost Academy  
  155  11:30  Marauder x2  
  155  11:31  Viking x2, Marine x2  
  155  11:32  Marine  
  165  11:35  Missile Turret  
  165  11:36  Marine  
  167  11:40  Missile Turret, SCV  
  167  11:41  SCV  
  167  11:42  SCV, Viking  
  170  11:52  SCV  
  170  11:53  SCV  
  172  11:54  SCV  
  172  11:58  Viking  
  172  12:01  Missile Turret, Viking  
  175  12:04  Bunker  
  175  12:07  Enhanced Shockwaves  
  175  12:08  Supply Depot  
  175  12:18  Engineering Bay  
  175  12:19  Ghost  
  177  12:22  Ghost  
  177  12:24  Ghost  
  177  12:27  Planetary Fortress  
  181  12:34  Terran Infantry Weapons Level 3  
  181  12:39  Medivac x2, Marine  
  181  12:40  Marine x2  
  187  12:48  Terran Infantry Armor Level 2  
  187  12:49  Refinery x2  
  193  12:59  Ghost  
  193  13:02  Ghost  
  193  13:05  Barracks x2  
  190  13:07  Barracks  
  190  13:09  Ghost  
  192  13:19  Viking x2  
  196  13:31  Terran Ship Weapons Level 2  
  196  13:35  Command Center  
  196  13:38  Fusion Core  
  196  13:49  Marauder x2  
  199  14:02  Marauder  
  179  14:09  Ghost x2  
  154  14:11  Marine  
  154  14:12  Marine  
  154  14:14  Marine  
  154  14:16  Marine  
  151  14:23  Marauder, Barracks Tech Lab x2, Barracks Reactor  
  153  14:27  Advanced Ballistics  
  153  14:28  Liberator x2  
  153  14:29  Liberator x2  
  161  14:32  Marine x2  
  161  14:35  Marine  
  161  14:36  Marine  
  165  14:38  Marauder  
  165  14:39  Marauder  
  165  14:42  Missile Turret  
  168  14:46  Missile Turret  
  168  14:49  Marauder  
  161  15:08  Marauder x2  
  161  15:11  Liberator x3  
  170  15:18  Ghost  
  170  15:19  Ghost  
  170  15:20  Liberator  
  175  15:25  Marauder  
  177  15:30  Marauder x2  
  181  15:35  Planetary Fortress  
  178  15:46  Ghost  
  178  15:47  Ghost  
  178  15:48  Marauder, Refinery  
  182  15:55  Missile Turret, Ghost  
  184  15:57  Sensor Tower  
  184  15:59  Marauder  
  184  16:02  Refinery  
  183  16:04  Liberator  
  183  16:09  Marauder  
  188  16:14  Marine  
  188  16:15  Marauder, Marine x2  
  188  16:16  Marauder  
  194  16:20  Marauder  
  194  16:24  Marauder  
  196  16:31  Marauder  
  183  16:36  Marauder  
  183  16:37  Liberator  
  165  16:43  Marauder x2  
  165  16:45  Marine  
  165  16:46  Marauder  
  160  16:52  Marauder  
  164  17:00  Marauder, Marine  

Tags
 
Add a new tag
Caveats
  • Supply blocks, unpowered buildings, or Contaminate may cause inaccurate times.
  • Supply counts are checked every 10 seconds.